 Dungeon Crawl Stone Soup version 0.28-a0-804-g60983d4ba9 (webtiles) character file.

Game seed: 17368763578808100144

8 iamoutofideas the Firebug (level 2, 9/19 HPs)
             Began as a Demonspawn Fire Elementalist on Nov 7, 2021.
             Quit the game on level 1 of the Dungeon.
             The game lasted 00:00:25 (344 turns).

iamoutofideas the Firebug (DsFE)                     Turns: 344, Time: 00:00:26

Health: 9/19       AC:  2    Str:  8    XL:     2   Next: 0%
Magic:  0/5        EV: 12    Int: 16    God:
Gold:   17         SH:  0    Dex: 13    Spells: 4/5 levels left

rFire   . . .      SeeInvis .   (no weapon)
rCold   . . .      Faith    .   (no shield)
rNeg    . . .      Spirit   .   a - +0 robe
rPois   .          Reflect  .   (helmet restricted)
rElec   .          Harm     .   (no cloak)
rCorr   .          Rampage  .   (no gloves)
Will    .....                   (no boots)
Stlth   ++........              (no amulet)
HPRegen 0.06/turn               (no ring)
MPRegen 0.09/turn               (no ring)

@: no status effects
A: antennae 1
a: no special abilities


You were on level 1 of the Dungeon.
You visited 1 branch of the dungeon, and saw 1 of its levels.

You collected 17 gold pieces.

Inventory:

Armour
 a - a +0 robe (worn)


   Skills:
 + Level 1.8 Dodging
 + Level 1.9 Stealth
 + Level 2.1 Spellcasting
 + Level 1.0 Conjurations
 + Level 3.0 Fire Magic


You had 4 spell levels left.
You knew the following spells:

 Your Spells              Type           Power      Damage    Failure   Level
a - Foxfire               Conj/Fire      32%        2x1d5     9%          1

Your spell library contained the following spells:

 Spells                   Type           Power      Damage    Failure   Level
 Scorch                   Fire           22%        2d6       9%          2
 Conjure Flame            Conj/Fire      8%         6-21      26%         3
 Inner Flame              Hex/Fire       6%         N/A       32%         3
 Flame Wave               Conj/Fire      8%         3d4       65%         4


Dungeon Overview and Level Annotations

Branches:
Dungeon (1/15)

Altars:


Innate Abilities, Weirdness & Mutations

You have a pair of small antennae on your head.


Message History

The goblin is severely wounded.
The goblin hits you with a +0 club.
You hit the goblin.
You kill the goblin!
You have reached level 2!
You feel monstrous as your demonic heritage exerts itself.
Your demonic ancestry asserts itself...
A pair of antennae grows on your head!
Casting: Foxfire (safe; 9% risk of failure)
Confirm with . or Enter, or press ? or * to list all spells.
You don't have enough magic to cast this spell.
You hit the hobgoblin.
The hobgoblin is lightly wounded.
The hobgoblin hits you but does no damage.
You barely miss the hobgoblin.
The hobgoblin is lightly wounded.
The hobgoblin hits you.
You hit the hobgoblin but do no damage.
The hobgoblin is lightly wounded.
The hobgoblin hits you.
You are too injured to fight recklessly!
Casting: Foxfire (safe; 9% risk of failure)
Confirm with . or Enter, or press ? or * to list all spells.
You conjure some foxfire!
The hobgoblin hits you but does no damage.
Your foxfire dissipates!
The foxfire hits the hobgoblin.
The hobgoblin is almost dead.
The hobgoblin closely misses you. The bat closely misses you.
The bat hits you but does no damage. The hobgoblin barely misses you.
Casting: Foxfire (safe; 9% risk of failure)
Confirm with . or Enter, or press ? or * to list all spells.
You conjure some foxfire!
The hobgoblin closely misses you.
Your foxfire dissipates!
The foxfire hits the bat.
The bat is severely wounded.
The bat hits you but does no damage.
Are you sure you want to abandon this character and quit the game? (Confirm with "yes".)

...#.#># #.##)#.#.##
#.........# ####.#†#..#
.# ###..#.#..##.# ####
.....#.......########...
...#....###........##.##
#..###.gb#
#.#.###..##.## ##.
#.##@###.#.###..##.#. #
#.# #.....#......##.#.
## ###..........##.#.
#...............
#..........#####
#.........##
............######
.............#.....
≈≈≈≈≈≈≈≈.....#.....


You could see a hobgoblin and a bat.

Vanquished Creatures
  2 endoplasms (D:1)
  A giant cockroach (D:1)
  A goblin (D:1)
  A kobold (D:1)
  A ball python (D:1)
  A rat (D:1)
7 creatures vanquished.

Vanquished Creatures (others)
  27 foxfires (D:1)
27 creatures vanquished.

Grand Total: 34 creatures vanquished

Notes
Turn   | Place    | Note
-------+----------+-------------------------------------------
     0 | D:1      | iamoutofideas the Demonspawn Fire Elementalist began the
                  | quest for the Orb.
     0 | D:1      | Reached XP level 1. HP: 13/13 MP: 3/3
   282 | D:1      | Reached skill level 3 in Fire Magic
   328 | D:1      | Discovered your monstrous ancestry.
   328 | D:1      | Gained mutation: You have a pair of small antennae on your
                  | head. [demonic ancestry]
   328 | D:1      | Reached XP level 2. HP: 14/19 MP: 0/5
   344 | D:1      | Quit the game

Illustrated notes

Levels and vault maps discovered:
D:1:      dpeg_arrival_castle, layout_loops_cross, ebering_ecumenical_altar_webs

Skill      XL: |  1 |
---------------+----+-----
Fire Magic     | 3 |  3.0
Dodging        | |  1.8
Stealth        | |  1.9
Spellcasting   | |  2.1
Conjurations   | |  1.0

Action                   || total
-------------------------++-------
Melee: Unarmed           ||     6
 Cast: Foxfire           ||    19
Armor: Robe              ||     4
Dodge: Dodged            ||     5

Table legend: (Time is in decaauts)
 A = Elapsed time spent in this place.
 B = Non-inter-level travel time spent in this place.
 C = Inter-level travel time spent in this place.
 D = Time resting spent in this place.
 E = Time spent auto-exploring this place.
 F = Levels seen in this place.
 G = Mean time per level.
                   A        B        C        D        E       F      G
               +--------+--------+--------+--------+--------+-----+--------+
         Total |    345 |    345 |      0 |      0 |    273 |   1 |  345.0 |
       Dungeon |    345 |    345 |      0 |      0 |    273 |   1 |  345.0 |
               +--------+--------+--------+--------+--------+-----+--------+

Top non-repeatable levels by time:
     D:1: 345 daAuts
